 Seeded DCSS version 0.30.1-4-g462c640d31 (webtiles) character file.

Game seed: 6351066067085065685 (custom seed)

130 Esekla the Magician (level 4, -1/24 HPs)
             Began as a Deep Elf Wanderer on Sept 10, 2023.
             Was a Follower of Vehumet.
             Slain by a gnoll
             ... wielding a +0 spear
             ... led by a gnoll bouda
              (5 damage)
             ... on level 4 of the Dungeon.
             The game lasted 00:22:22 (3039 turns).

Esekla the Magician (Deep Elf Wanderer)             Turns: 3039, Time: 00:22:23

Health: -1/24      AC:  4    Str: 11    XL:     4   Next: 90%
Magic:  8/14       EV: 11    Int: 20    God:    Vehumet [*.....]
Gold:   186        SH:  4    Dex: 11    Spells: 4/15 levels left

rFire   . . .        a - +1 short sword (freeze)
rCold   . . .        d - +0 buckler
rNeg    . . .        c - +0 robe
rPois   .            l - +0 helmet
rElec   .            (no cloak)
rCorr   .            k - +0 pair of gloves
SInv    .            (no boots)
Will    .....        (no amulet)
Stlth   ++           (no ring)
HPRegen 0.24/turn    (no ring)
MPRegen 0.14/turn

%: no passive effects
@: weakened, on blink cooldown
A: no striking features
a: Renounce Religion


You were on level 4 of the Dungeon.
You worshipped Vehumet.
Vehumet was aware of your devotion.
You visited 1 branch of the dungeon, and saw 5 of its levels.

You collected 186 gold pieces.

Inventory:

Hand Weapons
 a - a +1 short sword of freezing (weapon)
 s - the +5 rapier of the Hero {heavy, rN+ Dex+3}
   (You found it on level 3 of the Dungeon)

   Dex:       It affects your dexterity (+3).
   rN:        It protects you from negative energy.
Armour
 c - a +0 robe (worn)
 d - a +0 buckler (worn)
 k - a +0 pair of gloves (worn)
 l - a +0 helmet (worn)
Wands
 n - a wand of flame (15)
 u - a wand of roots (9)
Scrolls
 g - 3 scrolls of identify {unknown}
 o - a scroll of fear
 p - 2 scrolls of enchant weapon {unknown}
 q - a scroll of immolation {unknown}
 t - a scroll of fog {unknown}
 v - a scroll of blinking {unknown}
 w - a scroll of enchant armour {unknown}
 x - a scroll of amnesia {unknown}
Potions
 b - a potion of lignification
 e - a potion of ambrosia {unknown}
 f - 2 potions of attraction {unknown}
 h - a potion of heal wounds {unknown}
 i - 2 potions of curing {unknown}
 j - a potion of haste {unknown}
 m - a potion of mutation {unknown}
 r - 2 potions of brilliance {unknown}


   Skills:
 + Level 1.2 Short Blades
 * Level 1.4 Dodging
 + Level 1.5 Stealth
 + Level 1.7 Shields
 * Level 6.0 Spellcasting
 + Level 1.0 Conjurations
 * Level 1.6 Necromancy
 + Level 2.7 Translocations
 + Level 1.1 Invocations


You had 4 spell levels left.
You knew the following spells:

 Your Spells              Type           Power      Damage    Failure   Level
a - Magic Dart            Conj           40%        1d5       10%         1
b - Blink                 Tloc           32%        N/A       8%          2
c - Foxfire               Conj/Fire      32%        2x1d5     12%         1
d - Vampiric Draining     Necr           12%        2d6       24%         3
p - Apportation           Tloc           32%        N/A       4%          1
t - Teleport Other        Tloc           16%        N/A       16%         3

Your spell library contained the following spells:

 Spells                   Type           Power      Damage    Failure   Level
 Lesser Beckoning         Tloc           32%        N/A       8%          2
 Gell's Gravitas          Tloc           16%        N/A       16%         3
 Ignite Poison            Fire/Tmut/Pois 6%         N/A       41%         3


Dungeon Overview and Level Annotations

Branches:
Dungeon (5/15)
 Temple: D:4-7

Altars:
Hepliaklqana
Okawaru
Qazlal
Trog
Vehumet
Zin
The Shining One

Shops:
D:2 =   D:4 (


Message History

The gnoll picks up the pace!
Casting: Magic Dart (safe; 10% risk of failure)
Confirm with . or Enter, or press ? or * to list all spells.
You don't know that spell.
Casting: Magic Dart (safe; 10% risk of failure)
Confirm with . or Enter, or press ? or * to list all spells.
Aiming: Magic Dart (safe; 10% risk of failure)
Press: ? - help, Shift-Dir - straight line, f - gnoll, p - gnoll bouda
Aim: a gnoll, wielding a +0 spear (covering ground quickly, 100% to hit)
The magic dart hits the gnoll.
The gnoll is lightly wounded.
The gnoll hits you from afar with a +0 spear.
Your attacks no longer feel as feeble.
The gnoll hits you with a +0 spear.
There is a stone staircase leading up here.
The gnoll bouda hits you with a +0 club.
The gnoll throws a throwing net.
The throwing net hits you.
You become entangled in the net!
You stop ascending the stairs.
The gnoll hits you but does no damage.
Casting: Magic Dart (safe; 10% risk of failure)
Confirm with . or Enter, or press ? or * to list all spells.
You blink.
The gnoll bouda barks out a call to the hunt!
You feel stable enough to blink again.
The gnoll bouda calls upon its god to heal the gnoll.
The gnoll's wounds heal themselves!
The gnoll misses you.
Casting: Blink (safe; 8% risk of failure)
Confirm with . or Enter, or press ? or * to list all spells.
You blink.
The gnoll barely misses you.
The gnoll bouda gazes fiercely through you!
You feel your attacks grow feeble. You block the gnoll bouda's attack.
The gnoll hits you from afar with a +0 spear.
The gnoll barely misses you. x2
The gnoll attacks as you move away! The gnoll hits you with a +0 spear.
* * * LOW HITPOINT WARNING * * *
The gnoll is no longer moving quickly.
The gnoll hits you with a +0 spear.
* * * LOW HITPOINT WARNING * * *
The gnoll hits you from afar with a +0 spear.
You die...

############## #########
####...##.......# #.......#
#...............###.......#
#.................+.......###
#................##..........
#...........gg...............
+.........g.@................
#........................####
#..........).................
#..............#.............
#........<.....#.............
#.............##..........#+#
?.#..............#..........#.#
............####.#............#
............#....#............#


You could see a gnoll bouda and 2 gnolls.

Vanquished Creatures
  A hound (D:3)
  2 gnolls (D:3)
  3 adders
  2 dart slugs
  3 orcs (D:3)
  4 endoplasms
  8 goblins
  4 hobgoblins
  A quokka (D:2)
  6 ball pythons
  4 bats
  4 frilled lizards
  5 kobolds
  A rat (D:2)
48 creatures vanquished.

Notes
Turn   | Place    | Note
-------+----------+-------------------------------------------
     0 | D:1      | Esekla the Deep Elf Wanderer began the quest for the Orb.
     0 | D:1      | Esekla set off with the following items: a +0 club, a
                  | potion of lignification, a +0 robe, a +0 buckler; and the
                  | following spells available to memorise: Apportation, Blink,
                  | Lesser Beckoning, Magic Dart, Ignite Poison, Vampiric
                  | Draining.
     0 | D:1      | Reached XP level 1. HP: 10/10 MP: 7/7
     2 | D:1      | Learned a level 1 spell: Magic Dart
     4 | D:1      | Learned a level 1 spell: Apportation
   223 | D:2      | Found Renulab's Jewellery Shop.
   586 | D:4      | Found a radiant altar of Vehumet.
   597 | D:4      | Found an iron altar of Okawaru.
   605 | D:4      | Found a glowing silver altar of Zin.
   687 | D:4      | Became a worshipper of Vehumet
   752 | D:5      | Entered Level 5 of the Dungeon
   752 | D:5      | Noticed an iguana
   916 | D:5      | Noticed a sleepcap
   957 | D:4      | Found Ponaysk's Antique Weapon Boutique.
  1056 | D:5      | Noticed an iguana
  1228 | D:3      | Identified the +5 rapier of the Hero {heavy, rN+ Dex+3}
  1396 | D:4      | Found a glowing golden altar of the Shining One.
  1474 | D:2      | Noticed a black bear
  1502 | D:1      | Reached XP level 2. HP: 15/15 MP: 9/9
  1505 | D:1      | Learned a level 2 spell: Blink
  1776 | D:1      | Reached skill level 5 in Spellcasting
  1904 | D:1      | Reached XP level 3. HP: 19/19 MP: 4/11
  1908 | D:1      | Learned a level 3 spell: Vampiric Draining
  2054 | D:1      | Reached * piety under Vehumet
  2054 | D:1      | Offered knowledge of Foxfire by Vehumet.
  2057 | D:1      | Learned a level 1 spell: Foxfire
  2061 | D:1      | Learned a level 3 spell: Teleport Other
  2237 | D:2      | Reached skill level 1 in Dodging
  2296 | D:2      | Found a faded altar of an unknown god.
  2426 | D:3      | Found a stormy altar of Qazlal.
  2435 | D:3      | Reached skill level 1 in Short Blades
  2435 | D:3      | Reached XP level 4. HP: 24/24 MP: 8/13
  2460 | D:3      | Reached skill level 1 in Necromancy
  2467 | D:3      | Found a hazy altar of Hepliaklqana.
  2467 | D:3      | Found a bloodstained altar of Trog.
  2948 | D:3      | Reached skill level 6 in Spellcasting
  2948 | D:3      | Reached skill level 1 in Conjurations
  3039 | D:4      | Slain by a gnoll

Illustrated notes

Levels and vault maps discovered:
D:1:      sevenhm_arrival_forest_fort_small_3, layout_rooms,
          chequers_serial_rivers_room_b, minmay_misc_feat_five
D:2:      layout_loops_ring, dreamdust_ecumenical_altar_angels_and_demons,
          serial_shops, shop
D:3:      layout_basic, grunt_temple_overflow_open, minmay_misc_feat_iff
D:4:      layout_basic, nicolae_overflow_quartered_altars, serial_shops,
          nicolae_diamond_shop
D:5:      layout_loops_ring, lemuel_doored_altar, minmay_misc_feat_rows,
          dreamdust_wishing_well

Skill      XL: |  1  2  3  4 |
---------------+-------------+-----
Spellcasting   | 5 6 |  6.0
Dodging        | 1 |  1.4
Short Blades   | 1 |  1.2
Necromancy     | 1 |  1.6
Conjurations   | 1 |  1.0
Stealth        | |  1.5
Shields        | |  1.7
Translocations | |  2.7
Invocations    | |  1.1

Action                     |  1- 3 |  4- 6 || total
---------------------------+-------+-------++-------
  Melee: Short sword       |    59 |    24 ||    83
   Cast: Magic Dart        |    60 |    26 ||    86
         Apportation       |    19 |     5 ||    24
         Blink             |     1 |     2 ||     3
         Vampiric Draining |       |     3 ||     3
    Use: Scroll            |     1 |       ||     1
   Stab: Sleeping          |       |     1 ||     1
 Armour: Robe              |    44 |     7 ||    51
  Dodge: Dodged            |    77 |    16 ||    93
  Block: Buckler           |    25 |     5 ||    30
